 Dungeon Crawl Stone Soup version 0.28-a0-1638-g9123634e07 (webtiles) character file.

Game seed: 6916157277336711964

93 HallandMoats the Skirmisher (level 4, -10/40 HPs)
             Began as a Ghoul Fighter on Jan 25, 2022.
             Was an Elder of Jiyva.
             Mangled by Clumpoid's ghost (12 damage)
             ... on level 4 of the Dungeon.
             The game lasted 00:05:56 (3299 turns).

HallandMoats the Skirmisher (Ghoul Fighter)         Turns: 3299, Time: 00:05:56

Health: -10/40     AC:  6    Str: 19    XL:     4   Next: 62%
Magic:  4/4        EV:  9    Int:  5    God:    Jiyva [****..]
Gold:   69         SH:  4    Dex:  8    Spells: 3/3 levels left

rFire   . . .      SeeInvis .   h - +2 short sword (drain)
rCold   + . .      Faith    .   c - +0 buckler
rNeg    + + +      Spirit   .   b - +0 scale mail
rPois   ∞          Reflect  .   (no helmet)
rElec   .          Harm     .   (no cloak)
rCorr   +          Rampage  .   (no gloves)
Will    .....                   (no boots)
Stlth   ..........              (no amulet)
HPRegen 1.28/turn               (no ring)
MPRegen 0.49/turn               (no ring)

@: mighty, inhibited regen
A: claws 1, cold resistance 1, negative energy resistance 3, inhibited
regeneration, torment resistance 2
a: Renounce Religion, Oozemancy, Slimify


You were on level 4 of the Dungeon.
You worshipped Jiyva.
Jiyva was greatly pleased with you.
You visited 1 branch of the dungeon, and saw 4 of its levels.

You collected 69 gold pieces.

Inventory:

Hand Weapons
 a - a +0 long sword
 h - a +2 short sword of draining (weapon)
Armour
 b - a +0 scale mail (worn)
 c - a +0 buckler (worn)
Scrolls
 g - 2 scrolls of teleportation {unknown}
 j - a scroll of identify {unknown}
Potions
 e - a potion of cancellation {unknown}
 f - 2 potions of ambrosia {unknown}
 i - a potion of degeneration {unknown}
 k - a potion of flight {unknown}
 l - a potion of mutation {unknown}


   Skills:
 + Level 3.6 Fighting
 * Level 2.5 Long Blades
 + Level 3.0 Armour
 + Level 1.1 Dodging
 + Level 2.9 Shields
 * Level 2.0 Invocations


You had 3 spell levels left.
You didn't know any spells.
Your spell library contained the following spells:

 Spells                   Type           Power      Damage    Failure   Level
 Apportation              Tloc           0%         N/A       91%         1
 Shock                    Conj/Air       0%         1d3       91%         1
 Swiftness                Air            0%         N/A       99%         3
 Airstrike                Air            0%         N/A       100%        4
 Alistair's Intoxication  Tmut/Pois      0%         N/A       100%        5


Dungeon Overview and Level Annotations

Branches:
Dungeon (4/15)
 Temple: D:4-7

Altars:
Ashenzari
Gozag
Hepliaklqana
Nemelex Xobeh
Okawaru
Jiyva

Annotations:
D:3 exclusions: 2 goblins and 7 more exclusions
D:4 Clumpoid's ghost, novice GnFi


Innate Abilities, Weirdness & Mutations

You thrive by killing the living.
You are immune to poison.
You have sharp fingernails.
Your flesh is cold resistant. (rC+)
You are immune to negative energy. (rN+++)
You do not regenerate when monsters are visible.
You are immune to unholy pain and torment.


Message History

You enter the shallow water.
Moving in this stuff is going to be slow.
The jelly hits the plant.
The plant begins to die.
The plant is splashed with acid.
The acid corrodes the plant!
Key pressed, stopping explore.
Found a hazy altar of Hepliaklqana.
You swap places.
Key pressed, stopping explore.
You enter the shallow water.
Moving in this stuff is going to be slow.
You swap places.
You enter the shallow water.
Moving in this stuff is going to be slow.
The kobold shouts! x2
Clumpoid's ghost turns its malevolent gaze towards you.
The kobold shouts! x5
Key pressed, stopping explore.
Could not explore, unopened runed door.
Could not explore, unopened runed door.
Could not explore, unopened runed door.
Could not explore, unopened runed door.
You feel very mighty all of a sudden. As you open the gate, it creaks loudly!
Clumpoid's ghost whispers, "There is no future for you."
Clumpoid's ghost hits you!
You hit Clumpoid's ghost but do no damage.
Clumpoid's ghost hits you.
You hit Clumpoid's ghost but do no damage.
Clumpoid's ghost hits you but does no damage.
You barely miss Clumpoid's ghost. Clumpoid's ghost hits you!!
Ouch! That really hurt!
* * * LOW HITPOINT WARNING * * *
You hit Clumpoid's ghost.
Clumpoid's ghost is lightly damaged.
Clumpoid's ghost hits you.
* * * LOW HITPOINT WARNING * * *
You hit Clumpoid's ghost.
Clumpoid's ghost is lightly damaged.
Clumpoid's ghost hits you!
You die...

#### # #####..# #
##.⌠.##.# ###.#.#.#.#
##$..#..'.##
.#?.....K..#
.#.K.#..'.K##########
.##.#.#.#KKKKKKW@...#
..##.).##.#########.#
..######..#########.#
JJ....J..>........#.#
.###.############.#.#
.# #.# ####.#.# .#
#.# ##....#.## .# #.#
#........# <# #.#
#...###..#


You could see a kobold brigand, Clumpoid's ghost and 6 kobolds.

Vanquished Creatures
  2 adders
  A worm (D:2)
  2 dart slugs (D:1)
  4 orcs (D:3)
  5 ball pythons
  3 giant cockroaches
  6 goblins
  8 hobgoblins
  4 jackals
  10 kobolds
  5 bats
  3 frilled lizards
  A quokka skeleton (D:4)
  7 rats
61 creatures vanquished.

Vanquished Creatures (others)
  Menkaure (D:4)
  A jelly (D:4)
  2 iguanas (D:4)
  Robin (D:2)
  2 dart slugs
  2 giant cockroaches
  7 goblins
  3 hobgoblins
  4 kobolds
  A quokka (D:1)
  A ball python (D:1)
  2 rats
  79 plants (D:4)
106 creatures vanquished.

Grand Total: 167 creatures vanquished

Notes
Turn   | Place    | Note
-------+----------+-------------------------------------------
     0 | D:1      | HallandMoats the Ghoul Fighter began the quest for the Orb.
     0 | D:1      | Reached XP level 1. HP: 19/19 MP: 0/0
   165 | D:1      | Reached XP level 2. HP: 26/26 MP: 1/1
   314 | D:1      | Reached skill level 1 in Invocations
   413 | D:1      | Found a faded altar of an unknown god.
   427 | D:1      | Prayed at the altar of an unknown god.
   427 | D:1      | Became a worshipper of Jiyva Juedej the Shapeless
   427 | D:1      | Reached * piety under Jiyva
   468 | D:1      | Reached XP level 3. HP: 31/31 MP: 2/2
   699 | D:1      | Reached ** piety under Jiyva
  1101 | D:2      | Reached *** piety under Jiyva
  1194 | D:2      | You fall into a shaft and drop 2 floors!
  1224 | D:4      | Reached XP level 4. HP: 38/38 MP: 4/4
  1258 | D:4      | Found a runed translucent gate.
  1258 | D:4      | Found a runed translucent gate.
  1258 | D:4      | Found a runed translucent gate.
  1259 | D:4      | Noticed Clumpoid's ghost (novice GnFi)
  1261 | D:4      | Noticed a kobold brigand
  1557 | D:2      | Killed Robin
  2017 | D:3      | Reached **** piety under Jiyva
  2022 | D:3      | Reached skill level 1 in Dodging
  2039 | D:3      | Found an iron altar of Okawaru.
  2695 | D:4      | Killed Menkaure
  2748 | D:4      | Found a broken altar of Ashenzari.
  2815 | D:4      | Found a sparkling altar of Nemelex Xobeh.
  2816 | D:4      | Found an opulent altar of Gozag.
  3181 | D:4      | Found a hazy altar of Hepliaklqana.
  3298 | D:4      | HP: 1/40 [Clumpoid's ghost (4)]
  3299 | D:4      | Mangled by Clumpoid's ghost

Illustrated notes

Levels and vault maps discovered:
D:1:      ncdulo_lavacross, layout_loops_ring,
          shapermc_ecumenical_altar_notcrosses, minmay_small_reverse_x
D:2:      layout_basic, serial_glass, glass_columns_b, glass_columns_a,
          glass_columns_c, glass_columns_b, glass_columns_a, glass_columns_b,
          glass_columns_b, glass_columns_a, glass_columns_b, glass_columns_a,
          glass_columns_a, glass_columns_a, glass_columns_c, glass_columns_a,
          lightli_corner_chamber, uniq_robin
D:3:      layout_rooms, kennysheep_okawaru_gauntlet, serial_corexii_hall,
          chequers_hall_statues_corner_a, chequers_hall_statues_wall_a
D:4:      layout_loops_ring, grunt_temple_overflow_opulence,
          mainiacjoe_overflow_boulevard, nicolae_hepliaklqana_hippocampus,
          gammafunk_ghost_nasty_kobolds, serial_bayou, serial_bayou_lagoon_b,
          serial_bayou_shore_b, serial_bayou_pond_e, serial_bayou_lagoon_a,
          uniq_menkaure

Skill      XL: |  1  2  3  4 |
---------------+-------------+-----
Long Blades    | 2 |  2.5
Invocations    | 1 2 |  2.0
Armour         | 3 |  3.0
Dodging        | 1 |  1.1
Fighting       | |  3.6
Shields        | |  2.9

Action                   |  1- 3 |  4- 6 || total
-------------------------+-------+-------++-------
Melee: Long sword        |   105 |       ||   105
       Short sword       |    26 |    63 ||    89
  Use: Potion            |       |     1 ||     1
Armor: Scale mail        |    83 |    30 ||   113
Dodge: Dodged            |    71 |    20 ||    91
Block: Buckler           |    26 |    10 ||    36

Table legend: (Time is in decaauts)
 A = Elapsed time spent in this place.
 B = Non-inter-level travel time spent in this place.
 C = Inter-level travel time spent in this place.
 D = Time resting spent in this place.
 E = Time spent auto-exploring this place.
 F = Levels seen in this place.
 G = Mean time per level.
                   A        B        C        D        E       F      G
               +--------+--------+--------+--------+--------+-----+--------+
         Total |   3377 |   3234 |    143 |      0 |   2542 |   4 |  844.2 |
       Dungeon |   3377 |   3234 |    143 |      0 |   2542 |   4 |  844.2 |
               +--------+--------+--------+--------+--------+-----+--------+

Top non-repeatable levels by time:
     D:1: 964 daAuts
     D:2: 880 daAuts
     D:3: 797 daAuts
     D:4: 734 daAuts
